 Dungeon Crawl Stone Soup version 0.20.1-1-g8b1a95d (webtiles) character file.

12028 vineage the Blocker (level 11, -2/97 HPs)
             Began as a Minotaur Fighter on July 25, 2017.
             Slain by a skeletal warrior
             ... wielding a +0 glaive of chopping
             ... led by a skeletal warrior
              (11 damage)
             ... on level 11 of the Dungeon.
             The game lasted 00:24:21 (7949 turns).

vineage the Blocker (Minotaur Fighter)              Turns: 7949, Time: 00:24:22

Health: -2/97      AC: 18    Str: 28    XL:     11   Next: 57%
Magic:  0/19       EV:  9    Int:  5    God:
Gold:   508        SH: 13    Dex: 10    Spells: 10/10 levels left

rFire    + . .     SeeInvis .   B - +7 mace of Jigarchou {drain, *Corrode rPois MR+ Str+4}
rCold    x . .     Gourm    .   c - +0 shield
rNeg     + . .     Faith    .   I - +1 plate armour {rN+}
rPois    +         Spirit   +   (helmet restricted)
rElec    .         Reflect  .   (no cloak)
rCorr    .         Harm     .   L - +2 pair of gloves
MR       +....                  (no boots)
Stlth    ..........             n - amulet of guardian spirit
Regen    0.3/turn               x - ring of fire
MPRegen  0.2/turn               K - ring of magical power

@: no status effects
A: retaliatory headbutt, horns 2
a: no special abilities


You were on level 11 of the Dungeon.
You were not hungry.

You visited 1 branch of the dungeon, and saw 11 of its levels.

You collected 508 gold pieces.

Inventory:

Hand Weapons
 a - a +0 war axe
 B - the +7 mace of Jigarchou (weapon) {drain, *Corrode rPois MR+ Str+4}
   (You found it on level 7 of the Dungeon)

   A truly terrible weapon, it drains the life of those it strikes.
   It affects your strength (+4).
   It protects you from poison.
   It affects your resistance to hostile enchantments.
   It may corrode you when you take damage.
 E - a +1 great sword
Armour
 b - a +0 scale mail
 c - a +0 shield (worn)
 g - a +2 ring mail of positive energy
 m - a -1 scale mail
 I - a +1 plate armour of positive energy (worn)
 L - a +2 pair of gloves (worn)
Magical Staves
 P - an uncursed staff of power
Jewellery
 n - an amulet of guardian spirit (around neck)
 x - a ring of fire (left hand)
 K - a ring of magical power (right hand)
Wands
 h - a wand of iceblast (2/15)
 y - a wand of digging (6/24)
 z - a wand of flame (17/48)
 H - a wand of flame (10/48)
Scrolls
 e - a scroll of remove curse
 j - 2 scrolls of magic mapping
 o - 5 scrolls of teleportation
 r - a scroll of recharging
 w - 2 scrolls of fog
 G - 2 scrolls of enchant weapon
Potions
 d - 2 potions of might
 i - 2 potions of degeneration
 p - 2 potions of haste
 t - a potion of resistance
 u - a potion of agility
 v - a potion of invisibility {unknown}
 F - a potion of brilliance {unknown}
 N - a potion of flight {unknown}
Books
 A - a book of Cantrips

   Spells                             Type                      Level
   a - Confusing Touch                Hexes                        1
   b - Animate Skeleton               Necromancy                   1
   c - Summon Small Mammal            Summoning                    1
   d - Apportation                    Translocation                1
 D - a book of Air

   Spells                             Type                      Level
   a - Shock                          Conjuration/Air              1
   b - Swiftness                      Charms/Air                   2
   c - Static Discharge               Conjuration/Air              3
   d - Airstrike                      Air                          4
   e - Lightning Bolt                 Conjuration/Air              5
 J - a book of Clouds

   Spells                             Type                      Level
   a - Poisonous Vapours              Poison/Air                   2
   b - Mephitic Cloud                 Conjuration/Poison/Air       3
   c - Conjure Flame                  Conjuration/Fire             3
   d - Freezing Cloud                 Conjuration/Ice/Air          6
   e - Ring of Flames                 Charms/Fire                  7
 M - a book of Beasts

   Spells                             Type                      Level
   a - Summon Butterflies             Summoning                    1
   b - Call Canine Familiar           Summoning                    3
   c - Summon Ice Beast               Ice/Summoning                4
   d - Summon Mana Viper              Hexes/Summoning              5
   e - Summon Hydra                   Summoning                    7
 O - a book of Misfortune

   Spells                             Type                      Level
   a - Confusing Touch                Hexes                        1
   b - Confuse                        Hexes                        3
   c - Gell's Gravitas                Translocation                3
   d - Petrify                        Transmutation/Earth          4
   e - Metabolic Englaciation         Hexes/Ice                    5
   f - Yara's Violent Unravelling     Hexes/Transmutation          5
Comestibles
 f - 7 bread rations
 l - 5 fruits
 q - 7 royal jellies
 s - 5 meat rations


   Skills:
 + Level 9.1 Fighting
 + Level 10.2(11.6) Axes
 + Level 9.3(11.2) Maces & Flails
 + Level 0.5(5.8) Staves
 + Level 9.0 Armour
 + Level 6.4 Dodging
 + Level 1.8 Stealth
 + Level 11.2 Shields


You had 10 spell levels left.
You didn't know any spells.

Dungeon Overview and Level Annotations

Branches:
Dungeon (11/15)            Temple (0/1) D:4
   Lair: D:8-11         Orc: D:9-12

Altars:
Gozag
Okawaru


Innate Abilities, Weirdness & Mutations

You reflexively headbutt those who attack you in melee.
You have a pair of horns on your head.


Message History

Things that are here:
a flail; a ring mail; an orc corpse You start resting.
Your extra speed is starting to run out.
You start resting.
An orc is nearby!
The orc shouts!
There is a stone staircase leading up here.
Things that are here:
a flail; a ring mail; an orc corpse You hit the orc.
You kill the orc!
You start resting.
You feel yourself slow down.
You start resting.
A skeletal warrior is nearby!
You block the skeletal warrior's attack.
You see here a water moccasin corpse.
The skeletal warrior hits you with a glaive of chopping!
You die...

#...#.# ...
#.....# ### #
#####.# #
#.#####.# .###
.o....†(####...
.###.##)##... ##
#...#†##.###....
#.#...<)z....#
##.....##@##.#.#
##.#####......#
#. ####.### # ..
.# #


You could see a skeletal warrior.

Vanquished Creatures
  2 two-headed ogres
  The ghost of SeriousVitamin the Arsonist, a novice DEFE of Vehumet (D:10)
  2 skeletal warriors (D:11)
  A cyclops (D:10)
  A hippogriff (D:9)
  17 yaks
  A wyvern (D:8)
  A shadow (D:11)
  A human (D:7)
  2 hogs (D:7)
  The ghost of daodarkstar the Chucker, an amateur MfHu (D:3)
  A water moccasin (D:11)
  3 ice beasts
  A hornet zombie (D:9)
  2 orc warriors
  2 phantoms
  A black bear (D:10)
  2 sky beasts
  3 ogres
  A centaur (D:9)
  A big kobold (D:11)
  9 bullfrogs
  4 scorpions
  17 killer bees
  9 wights
  2 howler monkeys (D:10)
  4 crimson imps
  3 bullfrog zombies
  3 jellies
  2 quasits
  2 centaur skeletons
  5 hounds
  7 orc wizards
  4 orc priests
  2 bullfrog skeletons
  5 iguanas
  8 worker ants
  A killer bee zombie (D:4)
  2 hound skeletons
  2 worker ant zombies
  Robin (D:2)
  8 adders
  2 shadow imps
  An ooze (D:3)
  2 adder skeletons
  2 adder zombies
  3 worms
  2 dart slugs
  6 leopard geckos
  44 orcs
  4 ball pythons
  8 giant cockroaches
  14 goblins
  14 hobgoblins
  12 jackals
  9 kobolds
  4 quokkas
  7 bats
  A frilled lizard (D:2)
  A jackal skeleton (D:6)
  A leopard gecko skeleton (D:4)
  2 leopard gecko zombies
  6 rats
292 creatures vanquished.

Notes
Turn   | Place    | Note
-------+----------+-------------------------------------------
     0 | D:1      | vineage the Minotaur Fighter began the quest for the Orb.
     0 | D:1      | Reached XP level 1. HP: 19/19 MP: 0/0
   138 | D:1      | Reached XP level 2. HP: 21/27 MP: 1/1
   547 | D:2      | Reached XP level 3. HP: 31/33 MP: 2/2
   773 | D:2      | Noticed Robin
   778 | D:2      | Killed Robin
   778 | D:2      | Reached skill level 4 in Shields
   778 | D:2      | Reached XP level 4. HP: 38/40 MP: 1/3
   796 | D:2      | Found an opulent altar of Gozag.
  1098 | D:3      | Reached skill level 1 in Dodging
  1117 | D:3      | Noticed an ogre
  1122 | D:3      | Killed an ogre
  1122 | D:3      | Reached XP level 5. HP: 35/47 MP: 4/4
  1136 | D:3      | Noticed daodarkstar's ghost (amateur MfHu)
  1144 | D:3      | Killed daodarkstar's ghost
  1144 | D:3      | Reached skill level 5 in Axes
  1144 | D:3      | Reached XP level 6. HP: 32/53 MP: 2/5
  1682 | D:4      | Reached skill level 5 in Armour
  1746 | D:4      | Reached skill level 5 in Fighting
  1746 | D:4      | Reached XP level 7. HP: 58/61 MP: 6/6
  1800 | D:4      | Reached skill level 5 in Shields
  1979 | D:4      | Found a staircase to the Ecumenical Temple.
  2086 | D:5      | Entered Level 5 of the Dungeon
  3072 | D:6      | Reached XP level 8. HP: 59/69 MP: 5/7
  3151 | D:6      | Found an iron altar of Okawaru.
  3599 | D:7      | Reached skill level 6 in Shields
  3981 | D:7      | Reached skill level 1 in Stealth
  3990 | D:7      | Reached skill level 7 in Shields
  3990 | D:7      | Reached XP level 9. HP: 46/78 MP: 5/8
  4224 | D:7      | Got a polished mace
  4231 | D:7      | Identified the +7 mace of Jigarchou {drain, *Corrode rPois MR+ Str+4} (You found it on level 7 of the Dungeon)
  4374 | D:7      | Reached skill level 10 in Axes
  4382 | D:7      | Reached skill level 1 in Maces & Flails
  4834 | D:8      | Reached skill level 8 in Shields
  4935 | D:8      | Noticed a two-headed ogre
  4944 | D:8      | Killed a two-headed ogre
  4944 | D:8      | Reached skill level 5 in Dodging
  4944 | D:8      | Reached XP level 10. HP: 48/86 MP: 2/9
  5832 | D:9      | Reached skill level 5 in Maces & Flails
  5960 | D:9      | Reached skill level 9 in Shields
  6247 | D:10     | Entered Level 10 of the Dungeon
  6289 | D:10     | Noticed a cyclops
  6307 | D:10     | Killed a cyclops
  6319 | D:10     | Noticed a two-headed ogre
  6330 | D:10     | Killed a two-headed ogre
  6507 | D:10     | Reached skill level 10 in Shields
  6518 | D:10     | Reached XP level 11. HP: 30/94 MP: 2/10
  6816 | D:10     | Noticed SeriousVitamin's ghost (novice DEFE)
  6832 | D:10     | Killed SeriousVitamin's ghost
  7830 | D:11     | Noticed a skeletal warrior
  7832 | D:11     | Noticed a skeletal warrior
  7834 | D:11     | Noticed a skeletal warrior
  7835 | D:11     | Noticed a skeletal warrior
  7837 | D:11     | Noticed a skeletal warrior
  7859 | D:11     | Killed a skeletal warrior
  7859 | D:11     | Reached skill level 11 in Shields
  7904 | D:11     | HP: 1/97 [skeletal warrior/long sword[a skeletal warrior] (10)]
  7907 | D:11     | Killed a skeletal warrior
  7949 | D:11     | Slain by a skeletal warrior

Skill      XL: |  1  2  3  4  5  6  7  8  9 10 11 |
---------------+----------------------------------+-----
Fighting       | 4 5 6 7 8 9 |  9.1
Armour         | 4 5 6 7 8 9 |  9.0
Axes           | 3 4 5 6 7 9 10 | 10.2
Shields        | 4 5 7 8 10 11 | 11.2
Dodging        | 1 2 3 5 6 |  6.4
Stealth        | 1 |  1.8
Maces & Flails | 3 7 9 |  9.3
Staves         | |  0.5

Action                   |  1- 3 |  4- 6 |  7- 9 | 10-12 || total
-------------------------+-------+-------+-------+-------++-------
Melee: War axe           |    70 |   125 |   206 |       ||   401
       Headbutt          |    11 |    14 |    40 |    88 ||   153
       Mace              |       |       |    60 |   351 ||   411
       Staff             |       |       |       |     3 ||     3
  Use: Scroll            |     6 |     1 |     5 |     6 ||    18
       Potion            |       |     2 |     2 |     5 ||     9
  Eat: Fruit             |       |     3 |     4 |       ||     7
       Meat ration       |       |       |     1 |       ||     1
       Bread ration      |       |       |     1 |     1 ||     2
       Chunk             |       |       |       |     2 ||     2
       Royal jelly       |       |       |       |     1 ||     1
Armor: Scale mail        |    11 |       |       |       ||    11
       Ring mail         |    22 |    55 |    90 |    26 ||   193
       Plate armour      |       |       |       |   147 ||   147
Dodge: Dodged            |    26 |    54 |   136 |   169 ||   385
Block: Shield            |    43 |    71 |   182 |   275 ||   571
